 Dungeon Sprint DCSS version 0.28-a0-925-gd5e1996cdb (webtiles) character file.

Game seed: 7678758746582667242

10021 emperorscorpion the Eclecticist (level 11, -13/74 HPs)
             Began as a Djinni Air Elementalist on Nov 26, 2021.
             Was the Champion of Makhleb.
             Hit by a large rock thrown by a stone giant (45 damage)
             ... in the Dungeon (Sprint IX: "|||||||||||||||||||||||||||||").
             The game lasted 00:10:29 (2188 turns).

emperorscorpion the Eclecticist (DjAE)              Turns: 2188, Time: 00:10:30

Health: -13/74     AC: 16    Str:  7    XL:     11   Next: 85%
Gold:   47         EV:  7    Int: 20    God:    Makhleb [******] SH:  0 Dex: 17

rFire   + + .      SeeInvis .   j - +2 scimitar (flame)
rCold   x . .      Faith    .   (no shield)
rNeg    . . .      Spirit   .   l - +1 chain mail
rPois   ∞          Reflect  .   y - +0 helmet
rElec   .          Harm     .   x - +0 cloak
rCorr   .          Rampage  .   k - +0 pair of gloves
Will    +....      NoTele   +   (boots unavailable)
Stlth   ..........              (no amulet)
HPRegen 0.22/turn               m - +2 ring of evasion
MPRegen 0.00/turn               n - +3 ring of dexterity

@: flying
A: sickness immunity, fire resistance 2, cold vulnerability 1, float, innate
caster, hp casting, extra vitality 1
a: Renounce Religion, Minor Destruction, Lesser Servant of Makhleb, Major
Destruction, Greater Servant of Makhleb


You were in the Dungeon.
You worshipped Makhleb.
Makhleb was exalted by your worship.
You visited 1 branch You collected 47 gold pieces.

Inventory:

Hand Weapons
 g - a +0 short sword
 h - a +6 halberd of pain
 i - a +2 rapier of draining
 j - a +2 scimitar of flaming (weapon)
Armour
 a - a +0 robe
 k - a +0 pair of gloves (worn)
 l - a +1 chain mail (worn)
 o - +0 steam dragon scales
 p - a +0 ring mail of willpower
 x - a +0 cloak (worn)
 y - a +0 helmet (worn)
Jewellery
 m - a +2 ring of evasion (left hand)
 n - a +3 ring of dexterity (right hand)
 w - a ring of wizardry
Scrolls
 f - 2 scrolls of blinking
 s - a scroll of fog
 t - a scroll of identify
 u - 4 scrolls of enchant armour
 v - 2 scrolls of enchant weapon
Potions
 b - 6 potions of curing
 c - 4 potions of heal wounds
 d - 3 potions of haste
 e - a potion of invisibility
 q - a potion of resistance
Miscellaneous
 r - a condenser vane (inert)


   Skills:
 + Level 4.5 Fighting
 + Level 9.8 Armour
 + Level 9.3 Dodging
 - Level 2.8 Stealth
 + Level 16.6 Spellcasting
 + Level 10.2 Invocations
 * Level 7.2 Evocations


You had 19 spell levels left.
You knew the following spells:

 Your Spells              Type           Power      Damage    Failure   Level
a - Shock                 Conj/Air       100%       1d9       1%          1
b - Static Discharge      Conj/Air       70%        N/A       1%          2
c - Swiftness             Air            70%        N/A       1%          3
d - Airstrike             Air            35%        N/A       3%          4
e - Apportation           Tloc           100%       N/A       1%          1
f - Ensorcelled Hibernat  Hex/Ice        100%       N/A       1%          2
g - Ozocubu's Armour      Ice            70%        N/A       1%          3
h - Conjure Flame         Conj/Fire      70%        6-21      1%          3
i - Summon Forest         Summ/Tloc      35%        N/A       10%         5
Your spell library was empty.

Dungeon Overview and Level Annotations

Branches:
Dungeon (1/1)

Altars:
Cheibriados
Dithmenos
Elyvilon
Fedhas
Gozag
Hepliaklqana
Kikubaaqudgha
Makhleb
Nemelex Xobeh
Okawaru
Qazlal
Ru
Sif Muna
Trog
Uskayaw
Vehumet
Wu Jian
Xom
Yredelemnul
Zin
The Shining One
Beogh
Jiyva
Lugonu


Innate Abilities, Weirdness & Mutations

You are immune to sickness and miasma.
You are immune to poison.
Your flesh is very heat resistant. (rF++)
You are vulnerable to cold. (rC-)
You float through the air rather than walking.
You learn spells naturally, not from books.
Your magical power is your life essence.
You have superior vitality. (+4 HP)


Message History

You hear a shout!
The stone giant throws a large rock.
The large rock hits you!
An orc comes into view. It is wielding a +0 hand axe.
Okay, then.
Casting: Airstrike (dangerous; 3% risk of failure)
Confirm with . or Enter, or press ? or * to list all spells.
Aiming: Shock (safe; 1% risk of failure)
Press: ? - help, Shift-Dir - straight line, f/p - stone giant
Aim: a stone giant, quivering large rocks (severely wounded, 100% to hit)
The zap hits the stone giant but does no damage.
The stone giant is severely wounded.
The zap hits the orc.
The orc is heavily wounded.
You feel much better.
Casting: Shock (safe; 1% risk of failure)
Confirm with . or Enter, or press ? or * to list all spells.
Aiming: Shock (safe; 1% risk of failure)
Press: ? - help, Shift-Dir - straight line, f/p - stone giant
Aim: a stone giant, quivering large rocks (severely wounded, 100% to hit)
The zap hits the stone giant but does no damage.
The stone giant is severely wounded.
The zap misses the orc.
You hear a shout!
Casting: Shock (safe; 1% risk of failure)
Confirm with . or Enter, or press ? or * to list all spells.
Aiming: Shock (safe; 1% risk of failure)
Press: ? - help, Shift-Dir - straight line, f/p - stone giant
Aim: a stone giant, quivering large rocks (severely wounded, 100% to hit)
The zap hits the stone giant.
The stone giant is severely wounded.
The zap hits the orc!
You kill the orc!
Makhleb accepts your kill.
You feel better.
The stone giant throws a large rock.
The large rock hits you!!
* * * LOW HITPOINT WARNING * * *
An orc comes into view. It is wielding a +0 hand axe.
You feel much better.
The stone giant throws a large rock.
The large rock hits you!!!
Ouch! That really hurt!
You die...

▓$▓.▓.▓.▓'▓
▓o▓.▓(▓.▓)▓
▓$▓.▓.▓.▓)▓
▓)▓.▓(▓.▓.▓
▓)▓.▓.▓.▓.▓
▓C▓.▓.▓.▓.▓
▓.▓.▓.▓.▓†▓
▓.▓)▓.▓.▓.▓
▓@▓.▓.▓.▓)▓
▓.▓.▓'▓.▓.▓
▓.▓.▓.▓.▓÷▓
▓.▓.▓.▓.▓.▓
▓.▓.▓.▓.▓'▓
▓.▓.▓.▓.▓.▓
▓.▓.▓.▓.▓.▓
▓.▓.▓.▓.▓.▓
▓...▓...▓<▓


You could see a stone giant and an orc.

Vanquished Creatures
  A boulder beetle (D)
  Harold (D)
  A hydra (D)
  3 centaur warriors (D)
  5 lindwurms (D)
  Joseph (D)
  A black mamba (D)
  2 cane toads (D)
  A gargoyle (D)
  A komodo dragon (D)
  A tyrant leech (D)
  2 blink frogs (D)
  A slime creature (D)
  A shadow (D)
  A wyvern (D)
  2 yaks (D)
  A basilisk (D)
  A steam dragon (D)
  An orc warrior (D)
  A black bear (D)
  A wolf (D)
  A phantom (D)
  5 bullfrogs (D)
  A wight (D)
  An iguana (D)
  An adder (D)
  An adder zombie (D)
  3 worms (D)
  7 orcs (D)
  A bat zombie (D)
  An endoplasm (D)
  A goblin (D)
  A hobgoblin (D)
  A kobold (D)
  A rat (D)
56 creatures vanquished.

Vanquished Creatures (collateral kills)
  2 orcs (D)
2 creatures vanquished.

Grand Total: 58 creatures vanquished

Notes
Turn   | Place    | Note
-------+----------+-------------------------------------------
     0 | D        | emperorscorpion the Djinni Air Elementalist began the quest
                  | for the Orb.
     0 | D        | Reached XP level 1. HP: 15/15 MP: 0/0
     6 | D        | Reached skill level 3 in Spellcasting
   161 | D        | Noticed an iguana
   161 | D        | Noticed a phantom
   169 | D        | Killed a phantom
   170 | D        | Reached skill level 5 in Spellcasting
   170 | D        | Reached XP level 2. HP: 18/22 MP: 0/0
   170 | D        | Reached XP level 3. HP: 22/26 MP: 0/0
   170 | D        | Learned a level 1 spell: Apportation
   170 | D        | Reached XP level 4. HP: 26/31 MP: 0/0
   302 | D        | Reached skill level 6 in Spellcasting
   305 | D        | Reached skill level 1 in Armour
   305 | D        | Reached XP level 5. HP: 10/36 MP: 0/0
   305 | D        | Learned a level 2 spell: Ensorcelled Hibernation
   311 | D        | Found a snail-covered altar of Cheibriados.
   311 | D        | Found a shadowy altar of Dithmenos.
   311 | D        | Found a white marble altar of Elyvilon.
   311 | D        | Found a blossoming altar of Fedhas.
   311 | D        | Found an opulent altar of Gozag.
   312 | D        | Found a hazy altar of Hepliaklqana.
   313 | D        | Found a viscous altar of Jiyva.
   315 | D        | Found a corrupted altar of Lugonu.
   316 | D        | Found a burning altar of Makhleb.
   317 | D        | Found a sparkling altar of Nemelex Xobeh.
   318 | D        | Found an iron altar of Okawaru.
   319 | D        | Found a stormy altar of Qazlal.
   320 | D        | Found a sacrificial altar of Ru.
   322 | D        | Found a bloodstained altar of Trog.
   323 | D        | Found a hide-covered altar of Uskayaw.
   324 | D        | Became a worshipper of Makhleb the Destroyer
   326 | D        | Found an ornate altar of the Wu Jian Council.
   327 | D        | Found a shimmering altar of Xom.
   328 | D        | Found a basalt altar of Yredelemnul.
   329 | D        | Found a glowing silver altar of Zin.
   330 | D        | Found a glowing golden altar of the Shining One.
   518 | D        | Noticed a steam dragon
   518 | D        | Noticed a shadow
   518 | D        | Noticed a yak
   521 | D        | Reached * piety under Makhleb
   522 | D        | Reached skill level 7 in Spellcasting
   522 | D        | Killed a shadow
   523 | D        | Reached skill level 1 in Fighting
   523 | D        | Reached skill level 5 in Dodging
   523 | D        | Reached skill level 8 in Spellcasting
   523 | D        | Reached XP level 6. HP: 22/42 MP: 0/0
   523 | D        | Killed a steam dragon
   524 | D        | Reached skill level 5 in Armour
   524 | D        | Reached skill level 9 in Spellcasting
   524 | D        | Reached XP level 7. HP: 26/48 MP: 0/0
   524 | D        | Learned a level 3 spell: Ozocubu's Armour
   524 | D        | Killed a yak
   524 | D        | Reached ** piety under Makhleb
   525 | D        | Reached skill level 10 in Spellcasting
   525 | D        | Reached skill level 1 in Evocations
   656 | D        | Noticed a boulder beetle
   656 | D        | Noticed a centaur warrior
   656 | D        | Noticed a slime creature
   656 | D        | Noticed a centaur warrior
   656 | D        | Noticed a centaur warrior
   656 | D        | Noticed a gargoyle
   659 | D        | Killed a gargoyle
   660 | D        | Reached XP level 8. HP: 51/54 MP: 0/0
   661 | D        | Killed a centaur warrior
   661 | D        | Killed a slime creature
   662 | D        | Reached skill level 12 in Spellcasting
   662 | D        | Reached skill level 5 in Invocations
   662 | D        | Reached XP level 9. HP: 40/59 MP: 0/0
   662 | D        | Learned a level 3 spell: Conjure Flame
   663 | D        | Killed a centaur warrior
   663 | D        | Reached *** piety under Makhleb
   663 | D        | Killed a centaur warrior
   664 | D        | Reached skill level 13 in Spellcasting
   664 | D        | Reached XP level 10. HP: 52/67 MP: 0/0
   692 | D        | Killed a boulder beetle
   693 | D        | Reached skill level 14 in Spellcasting
   946 | D        | Noticed Harold
   967 | D        | Killed Harold
  1298 | D        | Noticed a cane toad
  1298 | D        | Noticed a black mamba
  1300 | D        | Reached **** piety under Makhleb
  1302 | D        | Killed a black mamba
  1303 | D        | Killed a cane toad
  1303 | D        | Reached ***** piety under Makhleb
  1313 | D        | Reached skill level 15 in Spellcasting
  1437 | D        | Noticed a cane toad
  1437 | D        | Noticed a komodo dragon
  1442 | D        | Reached XP level 11. HP: 60/73 MP: 0/0
  1442 | D        | Learned a level 5 spell: Summon Forest
  1442 | D        | Noticed a lindwurm
  1449 | D        | Noticed a five-headed hydra
  1451 | D        | Reached ****** piety under Makhleb
  1452 | D        | Killed a five-headed hydra
  1453 | D        | Reached skill level 5 in Evocations
  1454 | D        | Killed a lindwurm
  1461 | D        | Reached skill level 10 in Invocations
  1616 | D        | Noticed a lindwurm
  1616 | D        | Noticed a lindwurm
  1616 | D        | Noticed a lindwurm
  1619 | D        | Noticed a lindwurm
  1621 | D        | Killed a lindwurm
  1622 | D        | Reached skill level 16 in Spellcasting
  1625 | D        | Killed a lindwurm
  1628 | D        | Killed a lindwurm
  1682 | D        | Killed a lindwurm
  2045 | D        | Noticed Joseph
  2051 | D        | Killed Joseph
  2171 | D        | Noticed a stone giant
  2188 | D        | Hit by a large rock thrown by a stone giant

Illustrated notes

Levels and vault maps discovered:
D:        linesprint [early_d, line_temple, items_1, d_10, items_2, lair_1,
          lair_end, items_3, orc_1, orc_end, items_4, d_15, swamp_1, shoals_1,
          snake_1, spider_1, d_20, vaults_1, items_5, swamp_end, shoals_end,
          snake_end, spider_end, vaults_end, d_27, items_6, zot_1, zot_end,
          crypt_end, forest_end, elf_end, slime_end, tomb_end, abyss_end,
          pan_hell_end]

Skill      XL: |  1  2  3  4  5  6  7  8  9 10 11 |
---------------+----------------------------------+-----
Spellcasting   | 5 6 8 9 10 12 13 15 16 | 16.6
Dodging        | 4 5 6 7 8 9 |  9.3
Stealth        | 2 |  2.8
Armour         | 1 4 5 6 7 9 |  9.8
Fighting       | 1 2 3 4 |  4.5
Evocations     | 2 4 7 |  7.2
Invocations    | 3 5 7 9 10 | 10.2

Action                   |  1- 3 |  4- 6 |  7- 9 | 10-12 || total
-------------------------+-------+-------+-------+-------++-------
Melee: Short sword       |     7 |       |       |       ||     7
 Cast: Shock             |     7 |     5 |     1 |    54 ||    67
       Static Discharge  |       |     1 |     1 |    11 ||    13
       Airstrike         |       |       |       |    18 ||    18
       Conjure Flame     |       |       |       |     2 ||     2
Invok: Lesser Servant of |       |       |       |     4 ||     4
       Greater Servant o |       |       |       |     1 ||     1
Evoke: Wand              |       |     3 |     6 |     1 ||    10
       Condenser vane    |       |       |       |     4 ||     4
  Use: Potion            |     1 |       |       |     3 ||     4
Armor: Chain mail        |       |       |     4 |    10 ||    14
Dodge: Dodged            |     5 |     3 |     3 |    16 ||    27

Table legend: (Time is in decaauts)
 A = Elapsed time spent in this place.
 B = Non-inter-level travel time spent in this place.
 C = Inter-level travel time spent in this place.
 D = Time resting spent in this place.
 E = Time spent auto-exploring this place.
 F = Levels seen in this place.
 G = Mean time per level.
                   A        B        C        D        E       F      G
               +--------+--------+--------+--------+--------+-----+--------+
         Total |   2194 |   2194 |      0 |   1537 |     75 |   1 | 2194.0 |
       Dungeon |   2194 |   2194 |      0 |   1537 |     75 |   1 | 2194.0 |
               +--------+--------+--------+--------+--------+-----+--------+

Top non-repeatable levels by time:
       D: 2194 daAuts
